Predators vs Blackhawks
(R1)
Created - February 19, 2023 at 21:24
Goals
|
| Predators |
0 |
0 |
2 |
2 |
| Blackhawks |
0 |
1 |
0 |
1 |
|
Shots
|
| Predators |
12 |
6 |
11 |
29 |
| Blackhawks |
5 |
8 |
17 |
30 |
|
1st period
No Goal
Penalties :
Jordan Staal (Chi) for Hooking (Minor) at 3:39, Scott Laughton (Nas) for Slashing (Minor) at 15:13
2nd period
1. Blackhawks , Johnny Gaudreau 25 (Jakob Silfverberg 25, Jamie McBain 23) at 2:49
Penalties :
Jordan Staal (Chi) for Tripping (Minor) at 17:34
3rd period
2. Predators , Alexander Edler 3 (Andy Miele 29, Mikael Granlund 32) at 0:30
3. Predators , Jaden Schwartz 12 (Reilly Smith 17, Jack Eichel 12) at 1:26 (PP)
Penalties :
Radko Gudas (Chi) for Cross-checking (Minor) at 0:38, Andy Miele (Nas) for Holding Stick (Minor) at 9:04
Goalie Stats
Kari Lehtonen (Nas), 29 saves from 30 shots - (0.967), W, 18-10-2, 60:00 minutes
Tuukka Rask (Chi), 27 saves from 29 shots - (0.931), L, 21-17-3, 58:57 minutes
Players Stats for Predators
Player Name G A P +/- PIM S H SB GA TA FO MP PP MP PK MP
------------------------------------------------------------------------------------
Alexander Edler 1 0 1 1 0 4 1 1 1 2 0/0 30:08 2:57 2:09
Alexander Ovechkin 0 0 0 0 0 1 1 0 2 1 0/0 22:58 2:43 2:00
Andy Miele 0 1 1 0 2 0 3 0 0 0 17/36 21:32 2:43 0:32
Jack Eichel 0 1 1 0 0 1 1 0 0 0 6/13 15:58 2:03 0:33
Jaden Schwartz 1 0 1 0 0 5 1 0 0 0 0/0 16:58 2:03 1:36
John Moore 0 0 0 -1 0 1 0 2 0 0 0/0 18:53 1:49 1:49
Josh Morrissey 0 0 0 0 0 1 0 2 0 0 0/0 10:59 0:00 0:00
Justin Abdelkader 0 0 0 0 0 2 1 0 1 1 0/0 13:12 0:00 1:19
Justin Faulk 0 0 0 -1 0 1 0 2 1 0 0/0 18:53 1:49 1:49
Mark Pysyk 0 0 0 0 0 0 0 0 1 0 0/0 11:50 0:00 0:00
Matt Stajan 0 0 0 0 0 3 1 0 1 1 6/8 11:50 0:00 0:00
Mikael Granlund 0 1 1 0 0 4 0 2 1 2 1/3 22:22 2:43 1:56
Mike Brown 0 0 0 0 0 0 1 0 0 0 0/0 7:49 0:00 0:00
Nate Schmidt 0 0 0 0 0 0 0 0 0 0 0/0 10:59 0:00 0:00
Nicolas Kerdiles 0 0 0 0 0 1 4 0 0 0 0/0 7:49 0:00 0:00
Reilly Smith 0 1 1 0 0 2 1 0 0 1 0/0 15:22 2:03 0:00
Ryan Mcdonagh 0 0 0 1 0 2 0 1 0 1 0/0 30:08 2:57 2:09
Scott Laughton 0 0 0 0 2 1 1 0 2 0 1/2 8:20 0:00 0:00
Players Stats for Blackhawks
Player Name G A P +/- PIM S H SB GA TA FO MP PP MP PK MP
------------------------------------------------------------------------------------
Antoine Roussel 0 0 0 0 0 1 0 0 0 0 1/1 17:52 1:42 2:49
Ben Harpur 0 0 0 0 0 0 0 1 0 0 0/0 12:46 0:00 0:48
Blake Wheeler 0 0 0 0 0 1 1 1 0 0 0/0 11:44 0:00 0:00
Brett Maclean 0 0 0 0 0 0 1 0 0 0 0/0 12:10 0:00 0:24
Calvin de Haan 0 0 0 0 0 0 0 2 0 1 0/0 11:58 0:00 0:00
Corey Perry 0 0 0 0 0 1 0 1 0 0 0/0 15:03 1:42 0:00
Derek Roy 0 0 0 0 0 1 0 0 0 0 7/12 15:29 1:42 0:24
Jakob Silfverberg 0 1 1 0 0 5 1 1 0 2 1/2 21:46 2:16 1:33
James Wright 0 0 0 0 0 3 0 0 1 0 3/8 13:16 0:00 1:30
Jamie McBain 0 1 1 0 0 0 4 2 1 1 0/0 27:50 2:31 3:12
Johnny Gaudreau 1 0 1 0 0 5 1 0 2 1 4/6 23:00 2:16 2:49
Jordan Staal 0 0 0 0 4 4 0 1 2 1 14/31 20:16 2:16 0:03
Mike Amadio 0 0 0 0 0 1 1 1 0 0 0/0 8:12 0:00 0:00
Nick Bonino 0 0 0 0 0 2 1 0 0 0 1/2 8:12 0:00 0:00
Radko Gudas 0 0 0 0 2 2 3 1 3 3 0/0 27:01 2:31 2:24
Raphael Diaz 0 0 0 0 0 1 3 2 0 0 0/0 20:12 1:27 1:34
Sean Zimmerman 0 0 0 0 0 1 1 0 0 1 0/0 20:12 1:27 1:34
Stefan Matteau 0 0 0 0 0 2 3 0 0 0 0/0 8:12 0:00 0:00
3 Stars
1 - Kari Lehtonen (Nas)
2 - Alexander Edler (Nas)
3 - Jaden Schwartz (Nas)
Power Play
Predators - 1 on 3 Attempt(s) - 33.33%
Blackhawks - 0 on 2 Attempt(s) - 0.00%
Penalty Kill
Predators - 2 on 2 Attempt(s) - 100.00%
- Score 0 goal in Penalty Kill
Blackhawks - 2 on 3 Attempt(s) - 66.67%
- Score 0 goal in Penalty Kill
Team Stat
Predators - Hits : 16 - Faceoff Wins : 31 - Blocked Shots : 10 - Penalty Minutes : 4
Blackhawks - Hits : 20 - Faceoff Wins : 31 - Blocked Shots : 13 - Penalty Minutes : 6
Official
Referees : Francois St. Laurent and Dan O'Rourke
Linesman : Brian Mach and Andrew Smith
Game Notes
No Game Note
Finance
Level 1 -- Attendance: 5844 (97.40%) -- Ticket Income $584,400
Level 2 -- Attendance: 4638 (92.76%) -- Ticket Income $278,280
Level 3 -- Attendance: 2000 (100.00%) -- Ticket Income $70,000
Level 4 -- Attendance: 3859 (96.48%) -- Ticket Income $96,475
Luxury Box -- Attendance: 955 (95.50%) -- Ticket Income $191,000
Game was played at the United Center.
Total Attendance: 17296 (96.09%)
Total Ticket Income: $1,220,155
Other Income: $183,023
Total Income: $1,403,178
Predators
5 vs 5 Forward
Center Left Wing Right Wing Time % Phy DF OF
1 Andy Miele Alexander Ovechkin Mikael Granlund 40 1 2 2
2 Jack Eichel Jaden Schwartz Reilly Smith 30 1 2 2
3 Matt Stajan Justin Abdelkader Mark Pysyk 20 1 2 2
4 Scott Laughton Nicolas Kerdiles Mike Brown 10 1 2 2
5 vs 5 Defense
Defense Defense Time % Phy DF OF
1 Ryan Mcdonagh Alexander Edler 40 1 2 2
2 John Moore Justin Faulk 30 1 2 2
3 Nate Schmidt Josh Morrissey 20 1 2 2
4 Ryan Mcdonagh Alexander Edler 10 1 2 2
PowerPlay Forward
Center Left Wing Right Wing Time % Phy DF OF
1 Andy Miele Alexander Ovechkin Mikael Granlund 60 1 2 2
2 Jack Eichel Jaden Schwartz Reilly Smith 40 1 2 2
PowerPlay Defense
Defense Defense Time % Phy DF OF
1 Ryan Mcdonagh Alexander Edler 60 1 2 2
2 John Moore Justin Faulk 40 1 2 2
Penalty Kill 4 Players Forward
Center Wing Time % Phy DF OF
1 Mikael Granlund Alexander Ovechkin 60 1 2 2
2 Jaden Schwartz Andy Miele 40 1 2 2
Penalty Kill 4 Players Defense
Defense Defense Time % Phy DF OF
1 Ryan Mcdonagh Alexander Edler 60 1 2 2
2 John Moore Justin Faulk 40 1 2 2
Penalty Kill - 3 Players Forward
Forward Time % Phy DF OF
1 Mikael Granlund 60 1 2 2
2 Alexander Ovechkin 40 1 2 2
Penalty Kill - 3 Players Defense
Defense Defense Time % Phy DF OF
1 Ryan Mcdonagh Alexander Edler 60 1 2 2
2 John Moore Justin Faulk 40 1 2 2
4 vs 4 Forward
Center Wing Time % Phy DF OF
1 Mikael Granlund Alexander Ovechkin 60 1 2 2
2 Jaden Schwartz Andy Miele 40 1 2 2
4 vs 4 Defense
Defense Defense Time % Phy DF OF
1 Ryan Mcdonagh Alexander Edler 60 1 2 2
2 John Moore Justin Faulk 40 1 2 2
Last Minutes Offensive
Center Left Wing Right Wing Defense Defense
Andy Miele Alexander Ovechkin Mikael Granlund Ryan Mcdonagh Alexander Edler
Last Minutes Defensive
Center Left Wing Right Wing Defense Defense
Andy Miele Alexander Ovechkin Mikael Granlund Ryan Mcdonagh Alexander Edler
Goaltenders
Starting : Kari Lehtonen
Backup : Jaroslav Halak
Extra Forwards
Normal : Matt Stajan, Mark Pysyk, Justin Abdelkader - PP : Matt Stajan, Mark Pysyk - PK : Justin Abdelkader
Extra Defensemen
Normal : Nate Schmidt, Josh Morrissey, John Moore - PP : Nate Schmidt - PK : Josh Morrissey, John Moore
Penalty Shots
Mikael Granlund, Alexander Ovechkin, Jaden Schwartz, Andy Miele, Reilly Smith
Scratches
None
Blackhawks
5 vs 5 Forward
Center Left Wing Right Wing Time % Phy DF OF
1 Jordan Staal Johnny Gaudreau Jakob Silfverberg 40 1 2 2
2 Derek Roy Antoine Roussel Corey Perry 30 1 2 2
3 James Wright Brett Maclean Blake Wheeler 20 1 2 2
4 Nick Bonino Stefan Matteau Mike Amadio 10 1 2 2
5 vs 5 Defense
Defense Defense Time % Phy DF OF
1 Radko Gudas Jamie McBain 40 1 2 2
2 Raphael Diaz Sean Zimmerman 30 1 2 2
3 Calvin de Haan Ben Harpur 20 1 2 2
4 Radko Gudas Jamie McBain 10 1 2 2
PowerPlay Forward
Center Left Wing Right Wing Time % Phy DF OF
1 Jordan Staal Johnny Gaudreau Jakob Silfverberg 60 1 2 2
2 Derek Roy Antoine Roussel Corey Perry 40 1 2 2
PowerPlay Defense
Defense Defense Time % Phy DF OF
1 Radko Gudas Jamie McBain 60 1 2 2
2 Raphael Diaz Sean Zimmerman 40 1 2 2
Penalty Kill 4 Players Forward
Center Wing Time % Phy DF OF
1 Johnny Gaudreau Antoine Roussel 60 1 2 2
2 Jordan Staal Jakob Silfverberg 40 1 2 2
Penalty Kill 4 Players Defense
Defense Defense Time % Phy DF OF
1 Radko Gudas Jamie McBain 60 1 2 2
2 Raphael Diaz Sean Zimmerman 40 1 2 2
Penalty Kill - 3 Players Forward
Forward Time % Phy DF OF
1 Johnny Gaudreau 60 1 2 2
2 Antoine Roussel 40 1 2 2
Penalty Kill - 3 Players Defense
Defense Defense Time % Phy DF OF
1 Radko Gudas Jamie McBain 60 1 2 2
2 Raphael Diaz Sean Zimmerman 40 1 2 2
4 vs 4 Forward
Center Wing Time % Phy DF OF
1 Johnny Gaudreau Antoine Roussel 60 1 2 2
2 Jordan Staal Jakob Silfverberg 40 1 2 2
4 vs 4 Defense
Defense Defense Time % Phy DF OF
1 Radko Gudas Jamie McBain 60 1 2 2
2 Raphael Diaz Sean Zimmerman 40 1 2 2
Last Minutes Offensive
Center Left Wing Right Wing Defense Defense
Jordan Staal Johnny Gaudreau Jakob Silfverberg Radko Gudas Jamie McBain
Last Minutes Defensive
Center Left Wing Right Wing Defense Defense
Jordan Staal Johnny Gaudreau Jakob Silfverberg Radko Gudas Jamie McBain
Goaltenders
Starting : Tuukka Rask
Backup : Joe Cannata
Extra Forwards
Normal : Brett Maclean, Blake Wheeler, James Wright - PP : Brett Maclean, Blake Wheeler - PK : James Wright
Extra Defensemen
Normal : Calvin de Haan, Ben Harpur, Raphael Diaz - PP : Calvin de Haan - PK : Ben Harpur, Raphael Diaz
Penalty Shots
Johnny Gaudreau, Antoine Roussel, Jordan Staal, Jakob Silfverberg, Corey Perry
Scratches
Petter Granberg (Healthy)
% Time on Ice - Predators
Lines # - Real PCT - Wanted PCT - Time Play
Normal Forward
1 - 34% - 40% - 17:03
2 - 27% - 30% - 13:19
3 - 24% - 20% - 11:50
4 - 16% - 10% - 7:49
Normal Defense
1 - 41% - 40% - 20:45
2 - 30% - 30% - 15:15
3 - 22% - 20% - 10:59
4 - 6% - 10% - 3:02
PP Forward
1 - 57% - 60% - 2:43
2 - 43% - 40% - 2:03
PP Defense
1 - 62% - 60% - 2:57
2 - 38% - 40% - 1:49
PK Forward
1 - 85% - 60% - 3:23
2 - 15% - 40% - 0:35
PK Defense
1 - 54% - 60% - 2:09
2 - 46% - 40% - 1:49
PK3 Forward
1 - 0% - 60%
2 - 0% - 40%
PK3 Defense
1 - 0% - 60%
2 - 0% - 40%
44 Forward
1 - 0% - 60%
2 - 0% - 40%
44 Defense
1 - 0% - 60%
2 - 0% - 40%
Last Minute Offensive - 0:00
Last Minute Defensive - 1:15
Total
Forward - 60:00
Defense - 60:00
|
% Time on Ice - Blackhawks
Lines # - Real PCT - Wanted PCT - Time Play
Normal Forward
1 - 33% - 40% - 16:45
2 - 27% - 30% - 13:23
3 - 23% - 20% - 11:44
4 - 16% - 10% - 8:12
Normal Defense
1 - 38% - 40% - 19:08
2 - 34% - 30% - 16:55
3 - 24% - 20% - 11:58
4 - 4% - 10% - 2:03
PP Forward
1 - 57% - 60% - 2:16
2 - 43% - 40% - 1:42
PP Defense
1 - 63% - 60% - 2:31
2 - 37% - 40% - 1:27
PK Forward
1 - 67% - 60% - 3:13
2 - 33% - 40% - 1:33
PK Defense
1 - 67% - 60% - 3:12
2 - 33% - 40% - 1:34
PK3 Forward
1 - 0% - 60%
2 - 0% - 40%
PK3 Defense
1 - 0% - 60%
2 - 0% - 40%
44 Forward
1 - 0% - 60%
2 - 0% - 40%
44 Defense
1 - 0% - 60%
2 - 0% - 40%
Last Minute Offensive - 1:12
Last Minute Defensive - 0:00
Total
Forward - 60:00
Defense - 60:00
|
Play-by-Play
1st period
0:01 of 1st period - Andy Miele wins face-off versus Jordan Staal in neutral zone.
0:34 of 1st period - Derek Roy is hit by Reilly Smith and loses puck.
0:51 of 1st period - Sean Zimmerman is hit by Nicolas Kerdiles and loses puck.
1:00 of 1st period - Snap shot by Scott Laughton.
1:00 of 1st period - Shot Blocked by Blake Wheeler.
1:43 of 1st period - Snap shot by Jaden Schwartz.
1:43 of 1st period - Stopped by Tuukka Rask with a rebound.
1:45 of 1st period - Wrist shot by Jaden Schwartz.
1:45 of 1st period - Stopped by Tuukka Rask with a rebound.
1:47 of 1st period - Slapshot by Nate Schmidt.
1:47 of 1st period - Shot Misses the Net.
1:49 of 1st period - Slapshot by Nate Schmidt.
1:49 of 1st period - Deflect By Reilly Smith.
1:49 of 1st period - Stopped by Tuukka Rask without a rebound.
1:50 of 1st period - Matt Stajan wins face-off versus Derek Roy in Blackhawks zone.
2:01 of 1st period - Wrist shot by Matt Stajan.
2:01 of 1st period - Stopped by Tuukka Rask without a rebound.
2:02 of 1st period - Andy Miele wins face-off versus Jordan Staal in Blackhawks zone.
2:31 of 1st period - Calvin de Haan is hit by Jack Eichel.
2:52 of 1st period - Mark Pysyk is hit by Jamie McBain and loses puck.
3:09 of 1st period - Alexander Edler is hit by Radko Gudas.
3:23 of 1st period - Jamie McBain is hit by Nicolas Kerdiles and loses puck.
3:39 of 1st period - Minor Penalty to Jordan Staal for Hooking.
3:40 of 1st period - Andy Miele wins face-off versus Johnny Gaudreau in Blackhawks zone.
3:44 of 1st period - Snap shot by Alexander Ovechkin.
3:44 of 1st period - Shot Blocked by Raphael Diaz.
4:06 of 1st period - John Moore is hit by Raphael Diaz and loses puck.
4:44 of 1st period - Icing by Alexander Ovechkin.
4:45 of 1st period - James Wright wins face-off versus Andy Miele in Predators zone.
5:02 of 1st period - Wrist shot by Jakob Silfverberg.
5:02 of 1st period - Stopped by Kari Lehtonen with a rebound.
5:12 of 1st period - Snap shot by Jaden Schwartz.
5:12 of 1st period - Stopped by Tuukka Rask with a rebound.
5:39 of 1st period - Penalty to Jordan Staal is over, Jordan Staal is back on ice.
7:31 of 1st period - Calvin de Haan is hit by Nicolas Kerdiles and loses puck.
7:52 of 1st period - Snap shot by Johnny Gaudreau.
7:52 of 1st period - Stopped by Kari Lehtonen without a rebound.
7:53 of 1st period - Matt Stajan wins face-off versus Jordan Staal in Predators zone.
8:00 of 1st period - Snap shot by Mark Pysyk.
8:00 of 1st period - Shot Misses the Net.
8:02 of 1st period - Snap shot by Mark Pysyk.
8:02 of 1st period - Shot Blocked by Radko Gudas.
8:04 of 1st period - Snap shot by Matt Stajan.
8:04 of 1st period - Stopped by Tuukka Rask with a rebound.
8:06 of 1st period - Slapshot by John Moore.
8:06 of 1st period - Shot Blocked by Jordan Staal.
8:08 of 1st period - Wrist shot by John Moore.
8:08 of 1st period - Deflect By Johnny Gaudreau.
8:08 of 1st period - Stopped by Tuukka Rask with a rebound.
8:10 of 1st period - Wrist shot by Matt Stajan.
8:10 of 1st period - Stopped by Tuukka Rask with a rebound.
8:45 of 1st period - Snap shot by Johnny Gaudreau.
8:45 of 1st period - Stopped by Kari Lehtonen with a rebound.
9:00 of 1st period - Wrist shot by Matt Stajan.
9:00 of 1st period - Shot Misses the Net.
9:40 of 1st period - Snap shot by Matt Stajan.
9:40 of 1st period - Shot Misses the Net.
9:42 of 1st period - Wrist shot by Ryan Mcdonagh.
9:42 of 1st period - Stopped by Tuukka Rask with a rebound.
9:44 of 1st period - Slapshot by Alexander Edler.
9:44 of 1st period - Stopped by Tuukka Rask without a rebound.
9:45 of 1st period - Andy Miele wins face-off versus Derek Roy in Blackhawks zone.
9:54 of 1st period - Wrist shot by Alexander Ovechkin.
9:54 of 1st period - Stopped by Tuukka Rask without a rebound.
9:55 of 1st period - Derek Roy wins face-off versus Andy Miele in Blackhawks zone.
9:55 of 1st period - Derek Roy is hit by Andy Miele.
10:03 of 1st period - Wrist shot by Mikael Granlund.
10:03 of 1st period - Shot Misses the Net.
10:15 of 1st period - Wrist shot by Derek Roy.
10:15 of 1st period - Shot Blocked by John Moore.
10:17 of 1st period - Snap shot by Antoine Roussel.
10:17 of 1st period - Shot Blocked by Mikael Granlund.
10:19 of 1st period - Slapshot by Radko Gudas.
10:19 of 1st period - Deflect By Derek Roy.
10:19 of 1st period - Shot Blocked by Justin Faulk.
10:19 of 1st period - Puck is out of play.
10:20 of 1st period - Jack Eichel wins face-off versus James Wright in Predators zone.
10:20 of 1st period - Jack Eichel is hit by Blake Wheeler.
11:15 of 1st period - Snap shot by Alexander Ovechkin.
11:15 of 1st period - Shot Blocked by Mike Amadio.
11:34 of 1st period - Radko Gudas is hit by Nicolas Kerdiles and loses puck.
12:49 of 1st period - Off-side.
12:50 of 1st period - Jordan Staal wins face-off versus Matt Stajan in neutral zone.
13:03 of 1st period - Slapshot by Jordan Staal.
13:03 of 1st period - Stopped by Kari Lehtonen without a rebound.
13:04 of 1st period - Andy Miele wins face-off versus Jordan Staal in Predators zone.
13:13 of 1st period - Snap shot by Mikael Granlund.
13:13 of 1st period - Stopped by Tuukka Rask without a rebound.
13:14 of 1st period - Jordan Staal wins face-off versus Andy Miele in Blackhawks zone.
13:25 of 1st period - Snap shot by Johnny Gaudreau.
13:25 of 1st period - Shot Blocked by Alexander Edler.
13:32 of 1st period - Off-side.
13:33 of 1st period - Derek Roy wins face-off versus Jack Eichel in neutral zone.
13:38 of 1st period - Wrist shot by Corey Perry.
13:38 of 1st period - Shot Misses the Net.
14:23 of 1st period - Icing by Jack Eichel.
14:24 of 1st period - Jack Eichel wins face-off versus Johnny Gaudreau in Predators zone.
14:59 of 1st period - Wrist shot by Corey Perry.
14:59 of 1st period - Shot Misses the Net.
15:01 of 1st period - Slapshot by Sean Zimmerman.
15:01 of 1st period - Shot Hit the Post.
15:03 of 1st period - Slapshot by Corey Perry.
15:03 of 1st period - Shot Blocked by John Moore.
15:13 of 1st period - Minor Penalty to Scott Laughton for Slashing.
15:14 of 1st period - Mikael Granlund wins face-off versus Jordan Staal in Predators zone.
17:13 of 1st period - Penalty to Scott Laughton is over, Scott Laughton is back on ice.
17:22 of 1st period - Wrist shot by Stefan Matteau.
17:22 of 1st period - Stopped by Kari Lehtonen with a rebound.
17:54 of 1st period - Snap shot by Mark Pysyk.
17:54 of 1st period - Deflect By Calvin de Haan.
17:54 of 1st period - Shot Misses the Net.
17:54 of 1st period - Puck is out of play.
17:55 of 1st period - Matt Stajan wins face-off versus James Wright in Blackhawks zone.
18:52 of 1st period - Jamie McBain is hit by Mike Brown and loses puck.
Goals for this period are 0 for Predators vs 0 for Blackhawks.
Shots for this period are 12 for Predators vs 5 for Blackhawks.
2nd period
0:01 of 2nd period - Jordan Staal wins face-off versus Andy Miele in neutral zone.
0:34 of 2nd period - Wrist shot by Jaden Schwartz.
0:34 of 2nd period - Deflect By Reilly Smith.
0:34 of 2nd period - Stopped by Tuukka Rask without a rebound.
0:35 of 2nd period - Derek Roy wins face-off versus Andy Miele in Blackhawks zone.
0:35 of 2nd period - Derek Roy is hit by Andy Miele.
0:41 of 2nd period - Wrist shot by Antoine Roussel.
0:41 of 2nd period - Shot Misses the Net.
1:01 of 2nd period - Raphael Diaz is hit by Matt Stajan and loses puck.
1:25 of 2nd period - Snap shot by Corey Perry.
1:25 of 2nd period - Deflect By Derek Roy.
1:25 of 2nd period - Shot Misses the Net.
1:25 of 2nd period - Puck is out of play.
1:26 of 2nd period - Andy Miele wins face-off versus Jordan Staal in Predators zone.
1:33 of 2nd period - Wrist shot by Andy Miele.
1:33 of 2nd period - Shot Misses the Net.
1:53 of 2nd period - Slapshot by Johnny Gaudreau.
1:53 of 2nd period - Shot Misses the Net.
2:19 of 2nd period - Wrist shot by Blake Wheeler.
2:19 of 2nd period - Stopped by Kari Lehtonen without a rebound.
2:20 of 2nd period - Jordan Staal wins face-off versus Scott Laughton in Predators zone.
2:27 of 2nd period - Snap shot by Jakob Silfverberg.
2:27 of 2nd period - Shot Misses the Net.
2:29 of 2nd period - Backhand shot by Jakob Silfverberg.
2:29 of 2nd period - Stopped by Kari Lehtonen without a rebound.
2:30 of 2nd period - Andy Miele wins face-off versus Jordan Staal in Predators zone.
2:41 of 2nd period - Wrist shot by Jordan Staal.
2:41 of 2nd period - Stopped by Kari Lehtonen without a rebound.
2:42 of 2nd period - Jordan Staal wins face-off versus Andy Miele in Predators zone.
2:43 of 2nd period - Snap shot by Jakob Silfverberg.
2:43 of 2nd period - Shot Misses the Net.
2:45 of 2nd period - Snap shot by Jordan Staal.
2:45 of 2nd period - Shot Blocked by Justin Faulk.
2:47 of 2nd period - Slapshot by Jamie McBain.
2:47 of 2nd period - Deflect By Jakob Silfverberg.
2:47 of 2nd period - Stopped by Kari Lehtonen with a rebound.
2:49 of 2nd period - Snap shot by Johnny Gaudreau.
2:49 of 2nd period - Goal by Johnny Gaudreau - Predators : 0 - Blackhawks : 1.
2:50 of 2nd period - Jakob Silfverberg wins face-off versus Andy Miele in neutral zone.
4:26 of 2nd period - Snap shot by Mike Amadio.
4:26 of 2nd period - Shot Misses the Net.
5:14 of 2nd period - Alexander Edler is hit by Johnny Gaudreau and loses puck.
5:34 of 2nd period - Wrist shot by Brett Maclean.
5:34 of 2nd period - Shot Blocked by Josh Morrissey.
5:36 of 2nd period - Wrist shot by Blake Wheeler.
5:36 of 2nd period - Shot Misses the Net.
5:47 of 2nd period - Off-side.
5:48 of 2nd period - Nick Bonino wins face-off versus Andy Miele in neutral zone.
5:58 of 2nd period - Icing by Alexander Edler.
5:59 of 2nd period - Andy Miele wins face-off versus Jordan Staal in Predators zone.
6:16 of 2nd period - Andy Miele is hit by Jamie McBain and loses puck.
6:24 of 2nd period - Icing by Alexander Ovechkin.
6:25 of 2nd period - Matt Stajan wins face-off versus Derek Roy in Predators zone.
6:29 of 2nd period - Off-side.
6:30 of 2nd period - Derek Roy wins face-off versus Matt Stajan in neutral zone.
6:59 of 2nd period - Backhand shot by Corey Perry.
6:59 of 2nd period - Shot Misses the Net.
7:35 of 2nd period - Mark Pysyk is hit by Raphael Diaz and loses puck.
8:05 of 2nd period - Off-side.
8:06 of 2nd period - Andy Miele wins face-off versus Jordan Staal in neutral zone.
8:21 of 2nd period - Slapshot by Jordan Staal.
8:21 of 2nd period - Stopped by Kari Lehtonen without a rebound.
8:22 of 2nd period - Jack Eichel wins face-off versus James Wright in Predators zone.
11:15 of 2nd period - Nick Bonino is hit by Justin Abdelkader and loses puck.
11:54 of 2nd period - Slapshot by Justin Faulk.
11:54 of 2nd period - Shot Misses the Net.
12:11 of 2nd period - Slapshot by Nicolas Kerdiles.
12:11 of 2nd period - Stopped by Tuukka Rask with a rebound.
12:27 of 2nd period - Ryan Mcdonagh is hit by Stefan Matteau.
12:33 of 2nd period - Slapshot by Justin Faulk.
12:33 of 2nd period - Deflect By Jack Eichel.
12:33 of 2nd period - Shot Hit the Post.
12:33 of 2nd period - Puck is out of play.
12:34 of 2nd period - Andy Miele wins face-off versus Nick Bonino in Blackhawks zone.
12:39 of 2nd period - Snap shot by Alexander Ovechkin.
12:39 of 2nd period - Shot Blocked by Calvin de Haan.
12:49 of 2nd period - Slapshot by Nick Bonino.
12:49 of 2nd period - Stopped by Kari Lehtonen without a rebound.
12:50 of 2nd period - Jordan Staal wins face-off versus Jack Eichel in Predators zone.
14:37 of 2nd period - Jaden Schwartz is hit by Sean Zimmerman and loses puck.
16:14 of 2nd period - Wrist shot by Jaden Schwartz.
16:14 of 2nd period - Stopped by Tuukka Rask without a rebound.
16:15 of 2nd period - Jack Eichel wins face-off versus Jordan Staal in Blackhawks zone.
16:20 of 2nd period - Snap shot by Jack Eichel.
16:20 of 2nd period - Stopped by Tuukka Rask without a rebound.
16:21 of 2nd period - Jack Eichel wins face-off versus Jordan Staal in Blackhawks zone.
16:55 of 2nd period - Snap shot by Jakob Silfverberg.
16:55 of 2nd period - Stopped by Kari Lehtonen without a rebound.
16:56 of 2nd period - Derek Roy wins face-off versus Andy Miele in Predators zone.
17:13 of 2nd period - Slapshot by Corey Perry.
17:13 of 2nd period - Shot Misses the Net.
17:27 of 2nd period - Snap shot by Justin Abdelkader.
17:27 of 2nd period - Stopped by Tuukka Rask with a rebound.
17:31 of 2nd period - Snap shot by Justin Abdelkader.
17:31 of 2nd period - Stopped by Tuukka Rask without a rebound.
17:32 of 2nd period - Jordan Staal wins face-off versus Jack Eichel in Blackhawks zone.
17:34 of 2nd period - Minor Penalty to Jordan Staal for Tripping.
17:35 of 2nd period - Johnny Gaudreau wins face-off versus Andy Miele in Blackhawks zone.
19:28 of 2nd period - Ryan Mcdonagh is hit by Jamie McBain and loses puck.
19:34 of 2nd period - Penalty to Jordan Staal is over, Jordan Staal is back on ice.
19:45 of 2nd period - Justin Faulk is hit by Stefan Matteau and loses puck.
Goals for this period are 0 for Predators vs 1 for Blackhawks.
Shots for this period are 6 for Predators vs 8 for Blackhawks.
3rd period
0:01 of 3rd period - Jordan Staal wins face-off versus Andy Miele in neutral zone.
0:11 of 3rd period - Icing by Ryan Mcdonagh.
0:12 of 3rd period - Andy Miele wins face-off versus Jordan Staal in Predators zone.
0:12 of 3rd period - Andy Miele is hit by Radko Gudas.
0:28 of 3rd period - Snap shot by Andy Miele.
0:28 of 3rd period - Shot Misses the Net.
0:30 of 3rd period - Slapshot by Alexander Edler.
0:30 of 3rd period - Goal by Alexander Edler - Predators : 1 - Blackhawks : 1.
0:31 of 3rd period - Andy Miele wins face-off versus Jordan Staal in neutral zone.
0:36 of 3rd period - Slapshot by Alexander Edler.
0:36 of 3rd period - Stopped by Tuukka Rask with a rebound.
0:38 of 3rd period - Minor Penalty to Radko Gudas for Cross-checking.
0:39 of 3rd period - Johnny Gaudreau wins face-off versus Andy Miele in Blackhawks zone.
0:52 of 3rd period - Snap shot by Johnny Gaudreau.
0:52 of 3rd period - Stopped by Kari Lehtonen without a rebound.
0:53 of 3rd period - Johnny Gaudreau wins face-off versus Andy Miele in Predators zone.
1:26 of 3rd period - Backhand shot by Jaden Schwartz.
1:26 of 3rd period - Goal by Jaden Schwartz - Predators : 2 - Blackhawks : 1.
1:27 of 3rd period - Jordan Staal wins face-off versus Andy Miele in neutral zone.
1:42 of 3rd period - Off-side.
1:43 of 3rd period - Derek Roy wins face-off versus Jack Eichel in neutral zone.
1:59 of 3rd period - Alexander Edler is hit by Radko Gudas and loses puck.
2:10 of 3rd period - Radko Gudas is hit by Alexander Edler and loses puck.
2:34 of 3rd period - Wrist shot by Mike Amadio.
2:34 of 3rd period - Shot Blocked by Mikael Granlund.
2:36 of 3rd period - Backhand shot by Mike Amadio.
2:36 of 3rd period - Stopped by Kari Lehtonen with a rebound.
2:38 of 3rd period - Slapshot by Sean Zimmerman.
2:38 of 3rd period - Shot Misses the Net.
2:40 of 3rd period - Snap shot by Nick Bonino.
2:40 of 3rd period - Stopped by Kari Lehtonen without a rebound.
2:41 of 3rd period - Jordan Staal wins face-off versus Jack Eichel in Predators zone.
3:16 of 3rd period - Wrist shot by Justin Abdelkader.
3:16 of 3rd period - Shot Misses the Net.
3:18 of 3rd period - Slapshot by Ryan Mcdonagh.
3:18 of 3rd period - Stopped by Tuukka Rask without a rebound.
3:19 of 3rd period - James Wright wins face-off versus Andy Miele in Blackhawks zone.
3:24 of 3rd period - Jamie McBain is hit by Alexander Ovechkin and loses puck.
3:45 of 3rd period - Jaden Schwartz is hit by Jakob Silfverberg and loses puck.
4:35 of 3rd period - Snap shot by Nick Bonino.
4:35 of 3rd period - Shot Blocked by Josh Morrissey.
4:45 of 3rd period - Mikael Granlund is hit by Nick Bonino and loses puck.
5:15 of 3rd period - Icing by James Wright.
5:16 of 3rd period - Matt Stajan wins face-off versus James Wright in Blackhawks zone.
5:17 of 3rd period - Wrist shot by Justin Abdelkader.
5:17 of 3rd period - Shot Misses the Net.
5:31 of 3rd period - Slapshot by Mikael Granlund.
5:31 of 3rd period - Stopped by Tuukka Rask with a rebound.
6:00 of 3rd period - Snap shot by James Wright.
6:00 of 3rd period - Stopped by Kari Lehtonen with a rebound.
6:08 of 3rd period - Wrist shot by James Wright.
6:08 of 3rd period - Stopped by Kari Lehtonen without a rebound.
6:09 of 3rd period - Jack Eichel wins face-off versus Jakob Silfverberg in Predators zone.
6:16 of 3rd period - Slapshot by John Moore.
6:16 of 3rd period - Shot Misses the Net.
6:20 of 3rd period - Wrist shot by Jaden Schwartz.
6:20 of 3rd period - Shot Blocked by Raphael Diaz.
6:22 of 3rd period - Slapshot by Justin Faulk.
6:22 of 3rd period - Stopped by Tuukka Rask without a rebound.
6:23 of 3rd period - Andy Miele wins face-off versus Jordan Staal in Blackhawks zone.
6:30 of 3rd period - Wrist shot by Andy Miele.
6:30 of 3rd period - Shot Misses the Net.
7:49 of 3rd period - Snap shot by Derek Roy.
7:49 of 3rd period - Stopped by Kari Lehtonen without a rebound.
7:50 of 3rd period - Antoine Roussel wins face-off versus Andy Miele in Predators zone.
8:03 of 3rd period - Wrist shot by Corey Perry.
8:03 of 3rd period - Shot Blocked by Ryan Mcdonagh.
8:05 of 3rd period - Wrist shot by Corey Perry.
8:05 of 3rd period - Shot Misses the Net.
8:07 of 3rd period - Snap shot by Corey Perry.
8:07 of 3rd period - Shot Misses the Net.
8:09 of 3rd period - Snap shot by Corey Perry.
8:09 of 3rd period - Stopped by Kari Lehtonen with a rebound.
8:11 of 3rd period - Wrist shot by Radko Gudas.
8:11 of 3rd period - Stopped by Kari Lehtonen without a rebound.
8:12 of 3rd period - Jordan Staal wins face-off versus Jack Eichel in Predators zone.
8:43 of 3rd period - Off-side.
8:44 of 3rd period - Andy Miele wins face-off versus Derek Roy in neutral zone.
8:47 of 3rd period - Slapshot by Alexander Edler.
8:47 of 3rd period - Stopped by Tuukka Rask with a rebound.
9:04 of 3rd period - Minor Penalty to Andy Miele for Holding Stick.
9:05 of 3rd period - Jordan Staal wins face-off versus Mikael Granlund in Predators zone.
11:04 of 3rd period - Penalty to Andy Miele is over, Andy Miele is back on ice.
11:12 of 3rd period - Ben Harpur is hit by Scott Laughton and loses puck.
11:33 of 3rd period - Mark Pysyk is hit by Mike Amadio and loses puck.
11:46 of 3rd period - Alexander Ovechkin is hit by Stefan Matteau and loses puck.
11:57 of 3rd period - Corey Perry is hit by Jaden Schwartz and loses puck.
12:14 of 3rd period - Slapshot by Nicolas Kerdiles.
12:14 of 3rd period - Shot Misses the Net.
12:16 of 3rd period - Slapshot by Alexander Edler.
12:16 of 3rd period - Shot Blocked by Corey Perry.
12:18 of 3rd period - Slapshot by Scott Laughton.
12:18 of 3rd period - Stopped by Tuukka Rask with a rebound.
13:08 of 3rd period - Jack Eichel is hit by Jamie McBain and loses puck.
13:29 of 3rd period - Scott Laughton is hit by Brett Maclean.
13:32 of 3rd period - Off-side.
13:33 of 3rd period - Scott Laughton wins face-off versus James Wright in neutral zone.
13:54 of 3rd period - Snap shot by James Wright.
13:54 of 3rd period - Stopped by Kari Lehtonen with a rebound.
14:12 of 3rd period - Wrist shot by Scott Laughton.
14:12 of 3rd period - Shot Blocked by Jamie McBain.
14:22 of 3rd period - Snap shot by Scott Laughton.
14:22 of 3rd period - Shot Misses the Net.
14:30 of 3rd period - Snap shot by Scott Laughton.
14:30 of 3rd period - Shot Blocked by Jamie McBain.
14:32 of 3rd period - Slapshot by Josh Morrissey.
14:32 of 3rd period - Stopped by Tuukka Rask without a rebound.
14:33 of 3rd period - Andy Miele wins face-off versus Jordan Staal in Blackhawks zone.
15:00 of 3rd period - Jack Eichel is hit by Raphael Diaz and loses puck.
15:05 of 3rd period - Slapshot by Antoine Roussel.
15:05 of 3rd period - Stopped by Kari Lehtonen without a rebound.
15:06 of 3rd period - Derek Roy wins face-off versus Jack Eichel in Predators zone.
15:33 of 3rd period - Ben Harpur is hit by Andy Miele and loses puck.
15:40 of 3rd period - Slapshot by Calvin de Haan.
15:40 of 3rd period - Shot Misses the Net.
16:08 of 3rd period - Wrist shot by Stefan Matteau.
16:08 of 3rd period - Stopped by Kari Lehtonen with a rebound.
16:28 of 3rd period - Snap shot by Brett Maclean.
16:28 of 3rd period - Shot Misses the Net.
16:37 of 3rd period - Off-side.
16:38 of 3rd period - Andy Miele wins face-off versus Derek Roy in neutral zone.
16:41 of 3rd period - Slapshot by Justin Faulk.
16:41 of 3rd period - Shot Blocked by Ben Harpur.
16:43 of 3rd period - Wrist shot by Mikael Granlund.
16:43 of 3rd period - Shot Blocked by Calvin de Haan.
16:45 of 3rd period - Slapshot by Mikael Granlund.
16:45 of 3rd period - Stopped by Tuukka Rask without a rebound.
16:46 of 3rd period - Johnny Gaudreau wins face-off versus Andy Miele in Blackhawks zone.
16:56 of 3rd period - Off-side.
16:57 of 3rd period - Andy Miele wins face-off versus Jordan Staal in neutral zone.
17:04 of 3rd period - Slapshot by Ryan Mcdonagh.
17:04 of 3rd period - Shot Hit the Post.
17:06 of 3rd period - Snap shot by Alexander Ovechkin.
17:06 of 3rd period - Shot Misses the Net.
17:08 of 3rd period - Slapshot by Ryan Mcdonagh.
17:08 of 3rd period - Shot Blocked by Jakob Silfverberg.
17:10 of 3rd period - Wrist shot by Mikael Granlund.
17:10 of 3rd period - Stopped by Tuukka Rask without a rebound.
17:11 of 3rd period - James Wright wins face-off versus Mikael Granlund in Blackhawks zone.
17:43 of 3rd period - Off-side.
17:44 of 3rd period - Matt Stajan wins face-off versus Jordan Staal in neutral zone.
18:57 of 3rd period - Blackhawks, Tuukka Rask is pulled from the net.
18:57 of 3rd period - Slapshot by Sean Zimmerman.
18:57 of 3rd period - Stopped by Kari Lehtonen with a rebound.
18:59 of 3rd period - Slapshot by Raphael Diaz.
18:59 of 3rd period - Stopped by Kari Lehtonen with a rebound.
19:03 of 3rd period - Snap shot by Jakob Silfverberg.
19:03 of 3rd period - Stopped by Kari Lehtonen without a rebound.
19:04 of 3rd period - Jon Cooper call a timeout for Blackhawks.
19:04 of 3rd period - Jordan Staal wins face-off versus Andy Miele in Predators zone.
19:23 of 3rd period - Snap shot by Jordan Staal.
19:23 of 3rd period - Shot Misses the Net.
19:25 of 3rd period - Wrist shot by Jordan Staal.
19:25 of 3rd period - Shot Misses the Net.
19:27 of 3rd period - Wrist shot by Jordan Staal.
19:27 of 3rd period - Stopped by Kari Lehtonen with a rebound.
19:29 of 3rd period - Snap shot by Jamie McBain.
19:29 of 3rd period - Shot Misses the Net.
19:31 of 3rd period - Snap shot by Jordan Staal.
19:31 of 3rd period - Shot Misses the Net.
19:33 of 3rd period - Snap shot by Radko Gudas.
19:33 of 3rd period - Stopped by Kari Lehtonen without a rebound.
19:34 of 3rd period - Jordan Staal wins face-off versus Andy Miele in Predators zone.
19:35 of 3rd period - Slapshot by Johnny Gaudreau.
19:35 of 3rd period - Shot Misses the Net.
19:43 of 3rd period - Wrist shot by Johnny Gaudreau.
19:43 of 3rd period - Stopped by Kari Lehtonen with a rebound.
19:58 of 3rd period - Snap shot by Jordan Staal.
19:58 of 3rd period - Shot Misses the Net.
Goals for this period are 2 for Predators vs 0 for Blackhawks.
Shots for this period are 11 for Predators vs 17 for Blackhawks.